 Dungeon Crawl Stone Soup version 0.30.1 (webtiles) character file.

Game seed: 7920030466410529130

3 MikeMinsk the Magician (level 1, -2/15 HPs)
             Began as a Djinni Fire Elementalist on July 5, 2023.
             Slain by a gnoll
             ... wielding a +0 club
              (5 damage)
             ... on level 1 of the Dungeon.
             The game lasted 00:08:58 (330 turns).

MikeMinsk the Magician (Djinni Fire Elementalist)    Turns: 330, Time: 00:08:58

Health: -2/15      AC:  2    Str:  7    XL:     1   Next: 55%
Gold:   25         EV: 12    Int: 16    God:
                   SH:  0    Dex: 13

rFire   + + .        c - +0 whip
rCold   x . .        (no shield)
rNeg    + . .        a - +0 robe
rPois   ∞            (no helmet)
rElec   .            (no cloak)
rCorr   .            (no gloves)
SInv    .            (boots unavailable)
Will    .....        (no amulet)
Stlth   ++           g - ring of positive energy
HPRegen 0.22/turn    (no ring)
MPRegen 0.00/turn

%: infuse magic (-3 HP)
@: flying
A: sickness immunity, fire resistance 2, cold vulnerability 1, float, innate
caster, HP casting, extra vitality 1
a: no special abilities


You were on level 1 of the Dungeon.
You visited 1 branch of the dungeon, and saw 1 of its levels.

You collected 25 gold pieces.

Inventory:

Hand Weapons
 c - a +0 whip (weapon)
Armour
 a - a +0 robe (worn)
Jewellery
 g - a ring of positive energy (left hand)
Scrolls
 d - a scroll of blinking {unknown}
 e - a scroll of teleportation {unknown}
 f - a scroll of identify {unknown}
Potions
 b - a potion of magic {unknown}


   Skills:
 + Level 0.2 Fighting
 + Level 2.2 Dodging
 - Level 1.5 Stealth
 * Level 2.5 Spellcasting


You knew the following spells:

 Your Spells              Type           Power      Damage    Failure   Level
a - Foxfire               Conj/Fire      40%        2x1d6     7%          1
b - Scorch                Fire           20%        2d5       11%         2
c - Volatile Blastmotes   Fire/Tloc      20%        2d11      22%         3
d - Inner Flame           Hex/Fire       10%        N/A       22%         3
e - Flame Wave            Conj/Fire      10%        2d6       56%         4
Your spell library was empty.

Dungeon Overview and Level Annotations

Branches:
Dungeon (1/15)

Altars:


Innate Abilities, Weirdness & Mutations

You are immune to sickness and miasma.
You are immune to poison.
Your flesh is very heat resistant. (rF++)
You are vulnerable to cold. (rC-)
You float through the air rather than walking.
You learn spells naturally, not from books.
Your magical power is your life essence.
You have superior vitality. (+4 MHP)


Message History

g - a ring of positive energy (left hand) Save game and exit?
Okay, then.
You reach down and open the door.
There is an open door here.
A gnoll and a rat come into view.
There are monsters nearby!
The gnoll shouts!
The rat twitches its whiskers.
You closely miss the rat. The rat misses you.
You closely miss the rat. The rat closely misses you.
Casting: Foxfire (safe; 7% risk of failure)
Press: ? - help, Q - select action, (/) - cycle Dir - look around, f - activate Look: a rat You conjure some foxfire!
The foxfire hits the gnoll.
The gnoll is lightly wounded.
The rat bites you.
You hit the rat but do no damage.
The foxfire hits the gnoll.
The gnoll is heavily wounded.
The rat barely misses you. The rat closely misses you.
The gnoll hits you with a +0 club!
Ouch! That really hurt!
* * * LOW HITPOINT WARNING * * *
Casting: Foxfire (safe; 7% risk of failure)
Press: ? - help, Q - select action, (/) - cycle Dir - look around, f - activate Look: a gnoll, wielding a +0 club (heavily wounded)
You conjure some foxfire!
* * * LOW HITPOINT WARNING * * *
The gnoll closely misses you. The rat barely misses you.
Casting: Foxfire (safe; 7% risk of failure)
Press: ? - help, Q - select action, (/) - cycle Dir - look around, f - activate Look: a gnoll, wielding a +0 club (heavily wounded, ally target)
There is not enough space to conjure foxfire!
You barely miss the gnoll.
The gnoll is heavily wounded.
The foxfire hits the gnoll.
The gnoll is heavily wounded.
The rat barely misses you. The gnoll hits you with a +0 club.
You die...

#####.#...####.........#
.............'.........+
#####.#...####.........#
#.##.## ##.......# #
#.#### ##.....## ## #.#
##...## .## #.. ##'##
..# ### #########.# .##
#.....r@..# ##
#.######g.# # #...#
.....# ##...... #..#.##.
#.##.# # ... ..


You could see a gnoll and a rat.

Vanquished Creatures
  An endoplasm (D:1)
  A kobold (D:1)
  A rat (D:1)
3 creatures vanquished.

Vanquished Creatures (others)
  5 foxfires (D:1)
5 creatures vanquished.

Grand Total: 8 creatures vanquished

Notes
Turn   | Place    | Note
-------+----------+-------------------------------------------
     0 | D:1      | MikeMinsk the Djinni Fire Elementalist began the quest for
                  | the Orb.
     0 | D:1      | MikeMinsk set off with the following spells memorised:
                  | Foxfire, Scorch, Volatile Blastmotes, Inner Flame, Flame
                  | Wave.
     0 | D:1      | Reached XP level 1. HP: 15/15 MP: 0/0
   330 | D:1      | Slain by a gnoll

Illustrated notes

Levels and vault maps discovered:
D:1:      roderic_chinese_lattice_arrival, layout_loops_corners,
          ebering_ecumenical_altar_petrified, minmay_misc_feat_rows

Action                     || total
---------------------------++-------
  Melee: Whip              ||    11
         Unarmed           ||    10
   Cast: Foxfire           ||     5
 Armour: Robe              ||     3
  Dodge: Dodged            ||    16
